 Dungeon Crawl Stone Soup version 0.30-a0-341-g682706514a (webtiles) character file.

Game seed: 13183130201762299389

1563 IdlyInterested the Cudgeller (level 8, -1/64 HPs)
             Began as a Demonspawn Gladiator on Nov 2, 2022.
             Slain by Duvessa
             ... wielding a +0 rapier
              (18 damage)
             ... on level 6 of the Dungeon.
             The game lasted 00:16:37 (6381 turns).

IdlyInterested the Cudgeller (Demonspawn Gladiator) Turns: 6381, Time: 00:16:37

Health: -1/64      AC: 14    Str: 17    XL:     8   Next: 58%
Magic:  8/8        EV:  8    Int:  9    God:
Gold:   335        SH:  0    Dex: 21    Spells: 7/7 levels left

rFire   . . .      SeeInvis .    b - +2 whip (elec)
rCold   + . .      Faith    .    (no shield)
rNeg    . . .      Spirit   .    g - +1 chain mail
rPois   .          Reflect  .    c - +0 helmet
rElec   .          Harm     .    r - +0 cloak
rCorr   .          Rampage  .    (no gloves)
Will    .....                    (no boots)
Stlth   ..........               s - amulet of magic regeneration
HPRegen 0.30/turn                l - +6 ring of dexterity
MPRegen 0.51/turn                A - ring of protection from cold

@: confused, ambrosia-drunk
A: claws 1, molten scales 1, ignite blood 2
a: no special abilities


You were on level 6 of the Dungeon.
You visited 2 branches of the dungeon, and saw 7 of its levels.

You collected 335 gold pieces.

Inventory:

Hand Weapons
 a - a +0 flail
 b - a +2 whip of electrocution (weapon)
 v - a +2 short sword of draining
Missiles
 d - 4 throwing nets
 e - a javelin
 k - 15 poisoned darts (quivered)
 q - 4 atropa-tipped darts
Armour
 c - a +0 helmet (worn)
 g - a +1 chain mail (worn)
 i - a +0 hat
 o - the +3 robe "Forget-Me-Not" {Int+4}
   (You found it on level 3 of the Dungeon)

   Int:       It affects your intelligence (+4).
 r - a +0 cloak (worn)
 G - a +1 robe of positive energy
Magical Staves
 u - a staff of cold
Jewellery
 l - a +6 ring of dexterity (left claw)
 s - an amulet of magic regeneration (around neck)
 y - a ring of fire
 z - a ring of magical power
 A - a ring of protection from cold (right claw)
Scrolls
 h - a scroll of amnesia
 x - a scroll of summoning
 B - a scroll of fear
Potions
 f - 2 potions of attraction
 j - 2 potions of ambrosia
 m - 2 potions of lignification
 n - a potion of might {unknown}
 p - 2 potions of curing
 t - a potion of mutation {unknown}
 w - 2 potions of berserk rage
 C - a potion of brilliance {unknown}
 D - 3 potions of heal wounds
 E - a potion of haste
 F - a potion of degeneration {unknown}


   Skills:
 * Level 6.0 Fighting
 + Level 7.2 Maces & Flails
 * Level 3.2 Throwing
 - Level 4.0 Armour
 - Level 2.6 Dodging


You had 7 spell levels left.
You didn't know any spells.
Your spell library contained the following spells:

 Spells                   Type           Power      Damage    Failure   Level
 Freeze                   Ice            0%         1d3       99%         1
 Necrotise                Necr           0%         1d4       99%         1
 Sandblast                Erth           0%         2d4       99%         1
 Passwall                 Tmut/Erth      0%         N/A       100%        2
 Dazzling Flash           Conj/Hex       0%         N/A       100%        3
 Frozen Ramparts          Ice            0%         1d1       100%        3
 Hailstorm                Conj/Ice       0%         3d3       100%        3
 Ozocubu's Armour         Ice            0%         N/A       100%        3
 Stone Arrow              Conj/Erth      0%         3d7       100%        3
 Vampiric Draining        Necr           0%         2d6       100%        3
 Iskenderun's Mystic Bla  Conj/Tloc      0%         2d3       100%        4
 Agony                    Necr           0%         N/A       100%        5
 Metabolic Englaciation   Hex/Ice        0%         N/A       100%        5
 Simulacrum               Ice/Necr       0%         N/A       100%        6
 Starburst                Conj/Fire      0%         6d3       100%        6


Dungeon Overview and Level Annotations

Branches:
Dungeon (6/15)             Temple (1/1) D:4

Altars:
Ashenzari
Cheibriados
Dithmenos
Hepliaklqana
Nemelex Xobeh
Okawaru
Qazlal
Ru
Sif Muna
Trog
Uskayaw
Vehumet
Yredelemnul

Annotations:
D:6 Duvessa


Innate Abilities, Weirdness & Mutations

You have sharp fingernails.
You are partially covered in molten scales. (AC +2)
Your demonic aura often causes spilled blood to erupt in flames.


Message History

Eustachio gestures wildly while chanting.
You whack Eustachio!
Eustachio is severely wounded.
You hit Eustachio. Lightning courses through Eustachio!!
You kill Eustachio!
The white imp disappears in a puff of smoke!
Your Fighting skill increases to level 6!
Unknown command.
Duvessa shouts!
Duvessa goes berserk!
Duvessa is engulfed in blazing flames.
You closely miss Duvessa.
Duvessa is lightly wounded.
Duvessa hits you with a +0 rapier.
You hit Duvessa but do no damage.
Duvessa is lightly wounded.
Duvessa barely misses you.
You hit Duvessa but do no damage.
Duvessa is lightly wounded.
Duvessa hits you but does no damage.
You hit Duvessa.
Duvessa is moderately wounded.
Duvessa hits you with a +0 rapier! Duvessa hits you with a +0 rapier.
You hit Duvessa but do no damage.
Duvessa is moderately wounded.
Duvessa hits you with a +0 rapier!
You hit Duvessa.
Duvessa is moderately wounded.
Duvessa hits you with a +0 rapier!
You hit Duvessa but do no damage.
Duvessa is moderately wounded.
Duvessa hits you with a +0 rapier!
* * * LOW HITPOINT WARNING * * *
You are confused.
You feel invigorated. Duvessa hits you with a +0 rapier!
* * * LOW HITPOINT WARNING * * *
You hit Duvessa.
Duvessa is moderately wounded.
Duvessa hits you with a +0 rapier!!
You die...

#.########.##....
#.# #.# . #.# #.#
#.# #.# #.# #.#
...... #.# #.#
.....# #.# #.# W
....# #.# #.# ..
...### #.# #@#
#.# ...#. #.#
#e#.§.##. #..#.
#.# #W)......
#..#. #.#
######### #.†#.
#.# #....
#.###### #.#..
#.#....# #...#
#.#.##.# ###.#
#.#..#.# #.#


You could see Duvessa (berserk) and a phantom.

Vanquished Creatures
  Sigmund (D:2)
  Eustachio (D:6)
  A water moccasin (D:5)
  2 ogres
  3 phantoms
  A necrophage (D:5)
  A gnoll sergeant (D:5)
  A scorpion (D:6)
  Dowan (D:6)
  A jelly (D:6)
  Crazy Yiuf (D:2)
  4 hounds
  An iguana (D:5)
  An orc wizard (D:4)
  16 gnolls
  6 adders
  An ufetubus (D:6)
  3 worms
  3 dart slugs
  8 orcs
  4 bats
  7 endoplasms
  2 giant cockroaches
  5 hobgoblins
  4 kobolds
  6 quokkas
  4 ball pythons
  6 goblins
  24 rats
119 creatures vanquished.

Vanquished Creatures (collateral kills)
  An adder (D:5)
1 creature vanquished.

Vanquished Creatures (others)
  5 fungi (D:2)
5 creatures vanquished.

Grand Total: 125 creatures vanquished

Notes
Turn   | Place    | Note
-------+----------+-------------------------------------------
     0 | D:1      | IdlyInterested the Demonspawn Gladiator began the quest for
                  | the Orb.
     0 | D:1      | Reached XP level 1. HP: 16/16 MP: 1/1
    41 | D:1      | Found a faded altar of an unknown god.
   224 | D:1      | Reached skill level 3 in Maces & Flails
   301 | D:1      | Gained mutation: You are partially covered in molten
                  | scales. (AC +2) [demonic ancestry]
   301 | D:1      | Reached XP level 2. HP: 22/22 MP: 2/2
   798 | D:2      | Reached skill level 1 in Armour
   915 | D:2      | Reached XP level 3. HP: 25/28 MP: 3/3
  1486 | D:2      | Reached XP level 4. HP: 34/34 MP: 4/4
  1623 | D:2      | Noticed Sigmund
  1636 | D:2      | Killed Sigmund
  1637 | D:2      | Reached skill level 4 in Maces & Flails
  1637 | D:2      | Gained mutation: You have sharp fingernails. [demonic
                  | ancestry]
  1637 | D:2      | Reached XP level 5. HP: 28/41 MP: 5/5
  1824 | D:2      | Found a runed translucent door.
  1825 | D:2      | Noticed Crazy Yiuf
  1833 | D:2      | Killed Crazy Yiuf
  2243 | D:3      | Gained mutation: Your demonic aura sometimes causes spilled
                  | blood to erupt in flames. [demonic ancestry]
  2243 | D:3      | Reached XP level 6. HP: 47/47 MP: 6/6
  2648 | D:3      | Identified the +3 robe "Forget-Me-Not" {Int+4}
  3359 | D:4      | Reached skill level 5 in Maces & Flails
  3539 | D:4      | Gained mutation: Your demonic aura often causes spilled
                  | blood to erupt in flames. [demonic ancestry]
  3539 | D:4      | Reached XP level 7. HP: 53/53 MP: 7/7
  4244 | D:4      | Found a bloodstained altar of Trog.
  4324 | D:4      | Found a staircase to the Ecumenical Temple.
  4328 | Temple   | Entered the Ecumenical Temple
  4701 | D:5      | Entered Level 5 of the Dungeon
  5164 | D:5      | Reached skill level 6 in Maces & Flails
  5284 | D:5      | Reached skill level 5 in Fighting
  5418 | D:5      | Reached XP level 8. HP: 58/62 MP: 8/8
  5872 | D:6      | Found a hazy altar of Hepliaklqana.
  6224 | D:6      | Found a sparkling altar of Nemelex Xobeh.
  6330 | D:6      | Noticed Dowan
  6330 | D:6      | Noticed Duvessa
  6351 | D:6      | Killed Dowan
  6352 | D:6      | Reached skill level 7 in Maces & Flails
  6358 | D:6      | Noticed Eustachio
  6369 | D:6      | Killed Eustachio
  6381 | D:6      | Slain by Duvessa

Illustrated notes

Levels and vault maps discovered:
D:1:      dreamdust_arrival_sigmund_warning, layout_loops_ring,
          hellmonk_ecumenical_altar_arch_garden, minmay_quantized
D:2:      layout_loops_ring, kennysheep_pointless_box, uniq_crazy_yiuf_cottage,
          uniq_sigmund
D:3:      minmay_inner_zag, layout_basic
D:4:      layout_loops_cross, kennysheep_little_box, temple_hall_moat,
          serial_bayou_pond_e, grunt_ministairs_8, minmay_misc_feat_five,
          minivault_26, minmay_rat_hole
D:5:      layout_basic
D:6:      layout_basic, nemelex_dance_club_becter, mainiacjoe_overflow_catwalk,
          uniq_eustachio, uniq_duvessa
Temple:   nicolae_temple_figure_eight

Skill      XL: |  1  2  3  4  5  6  7  8 |
---------------+-------------------------+-----
Maces & Flails | 3 4 5 6 7 |  7.2
Armour         | 1 3 4 |  4.0
Fighting       | 3 5 6 |  6.0
Throwing       | 2 3 |  3.2
Dodging        | |  2.6

Action                   |  1- 3 |  4- 6 |  7- 9 || total
-------------------------+-------+-------+-------++-------
Melee: Flail             |    74 |   138 |   125 ||   337
       Punch             |     2 |     4 |     3 ||     9
       Whip              |       |       |    91 ||    91
Throw: Throwing net      |       |     1 |       ||     1
       Javelin           |       |       |     1 ||     1
       Dart              |       |       |     4 ||     4
  Use: Scroll            |     3 |     3 |     7 ||    13
       Potion            |     2 |     3 |     3 ||     8
 Stab: Sleeping          |     1 |     2 |     1 ||     4
       Held in net/web   |       |     1 |       ||     1
Armor: Leather armour    |    20 |       |       ||    20
       Scale mail        |     1 |    24 |       ||    25
       Robe              |       |    27 |    61 ||    88
       Chain mail        |       |       |    31 ||    31
Dodge: Dodged            |    41 |    83 |   132 ||   256

Table legend: (Time is in decaauts)
 A = Elapsed time spent in this place.
 B = Non-inter-level travel time spent in this place.
 C = Inter-level travel time spent in this place.
 D = Time resting spent in this place.
 E = Time spent auto-exploring this place.
 F = Levels seen in this place.
 G = Mean time per level.
                   A        B        C        D        E       F      G
               +--------+--------+--------+--------+--------+-----+--------+
         Total |   6370 |   5644 |    726 |    559 |   3537 |   7 |  910.0 |
       Dungeon |   6138 |   5436 |    702 |    559 |   3333 |   6 | 1023.0 |
        Temple |    232 |    208 |     24 |      0 |    204 |   1 |  232.0 |
               +--------+--------+--------+--------+--------+-----+--------+

Top non-repeatable levels by time:
     D:2: 1277 daAuts
     D:4: 1276 daAuts
     D:3: 1242 daAuts
     D:5: 963 daAuts
     D:1: 777 daAuts
     D:6: 601 daAuts
  Temple: 232 daAuts
